[Event "Titled Tuesday Blitz May 16 Early 2023"]
[White "Hafiz, Arif Abdul"]
[Black "Asavasaetakul, Chawit"]
[WhiteFideId "7104227"]
[BlackFideId "6204856"]
[WhiteElo "2198"]
[BlackElo "1919"]
[Result "1-0"]
[Round "10"]
[TimeControl "180+2"]
[Date "2023.05.16"]
[WhiteClock "0:00:12"]
[BlackClock "0:00:00"]

1. e4 d5 2. exd5 Nf6 3. Nc3 Nxd5 4. Bc4 Nb6 5. Bb3 Nc6 6. Nf3 Bf5 7. d4 e6 8. O-O Be7 9. Ne2 O-O 10. Ng3 Bg4 11. c3 e5 12. dxe5 Qxd1 13. Bxd1 Nc4 14. Re1 Rad8 15. Bb3 N6a5 16. Bc2 Rfe8 17. b3 Bxf3 18. gxf3 Nb6 19. f4 Nd5 20. Ne4 Nc6 21. a3 a5 22. c4 Nb6 23. Be3 Nd4 24. Bxd4 Rxd4 25. a4 Bb4 26. Red1 Red8 27. Rxd4 Rxd4 28. Rd1 Rxd1+ 29. Bxd1 Nd7 30. Bc2 Nc5 31. Ng3 Bd2 32. Ne2 g6 33. Kg2 Ne6 34. Kf3 Kf8 35. Ke4 Ke7 36. f5 Nc5+ 37. Kd5 Nd7 38. f6+ Ke8 39. f4 Bb4 40. Ke4 Nc5+ 41. Kf3 Ne6 42. h4 Bc5 43. f5 gxf5 44. Bxf5 Nd4+ 45. Nxd4 Bxd4 46. Ke4 Bf2 47. h5 h6 48. Bg4 Bg3 49. Bf3 c6 50. Bg4 Bh2 51. Kf5 Bg3 52. Be2 Kd7 53. Bd3 Bh4 54. Be2 c5 55. Bf3 b6 56. Bd5 Ke8 57. Bxf7+ Kxf7 58. e6+ Kf8 59. Ke5 Ke8 60. Kf5 Kf8 61. Kg6 Bg5 62. e7+ Ke8 63. Kg7 Kd7 64. Kf7 1-0


[Site "https://www.chess.com"]

[Event "Titled Tuesday Blitz May 16 Early 2023"]
[White "Spata, German"]
[Black "Mikhailovsky, Vladimir"]
[WhiteFideId "113026"]
[BlackFideId "34105414"]
[WhiteElo "2260"]
[BlackElo "2271"]
[Result "0-1"]
[Round "10"]
[TimeControl "180+2"]
[Date "2023.05.16"]
[WhiteClock "0:00:21"]
[BlackClock "0:01:21"]

1. Nf3 g6 2. e3 Bg7 3. d4 b6 4. Be2 Bb7 5. O-O Nf6 6. b3 O-O 7. Bb2 d5 8. c4 Nbd7 9. Nc3 c5 10. dxc5 Nxc5 11. Nxd5 Nxd5 12. Bxg7 Kxg7 13. cxd5 Qxd5 14. Qxd5 Bxd5 15. Rfd1 Rfd8 16. Rd4 Ne6 17. Rdd1 Rac8 18. Rac1 Bxf3 19. Bxf3 Rxc1 20. Rxc1 Rd2 21. Ra1 Nc5 22. h3 Kf6 23. b4 Nd3 24. b5 Nxf2 25. a4 Nd3 26. a5 Rb2 27. axb6 axb6 28. Bc6 Ne5 29. Ra6 Nc4 30. e4 e6 31. Ra7 Nd6 32. Ra6 Nc4 33. Ra7 Nd6 34. Ra6 Nxb5 35. Rxb6 Rb1+ 36. Kh2 Nc3 37. Ra6 Rb4 38. Ra7 Nxe4 39. Be8 Nd6 40. Bd7 Rb7 0-1


[Site "https://www.chess.com"]

[Event "Titled Tuesday Blitz May 16 Early 2023"]
[White "bubeliang"]
[Black "Hambleton, Aman"]
[BlackFideId "2606577"]
[WhiteElo "2616"]
[BlackElo "2511"]
[Result "0-1"]
[Round "10"]
[TimeControl "180+2"]
[Date "2023.05.16"]
[WhiteClock "0:00:03"]
[BlackClock "0:00:07"]

1. e4 b6 2. d4 Bb7 3. Bd3 e6 4. Nf3 d5 5. exd5 Qxd5 6. O-O Nf6 7. c4 Qh5 8. Ne5 Qxd1 9. Rxd1 Nbd7 10. Nxd7 Nxd7 11. Nc3 a6 12. Be4 O-O-O 13. Bf4 Bd6 14. Bxd6 cxd6 15. a4 d5 16. Bd3 dxc4 17. Bxc4 Nf6 18. Rac1 Kb8 19. f3 Rd6 20. Rd2 Rc8 21. Ba2 Nd5 22. Bxd5 Bxd5 23. Kf2 Bb3 24. a5 b5 25. Re1 f5 26. Re5 b4 27. Ne2 g5 28. f4 g4 29. Ke3 Kb7 30. Rc5 h5 31. g3 Bd5 32. Rdc2 Rdd8 33. Nc1 Rxc5 34. Rxc5 Be4 35. Nb3 h4 36. Re5 Bd5 37. Nc5+ Kc6 38. Nxe6 Rh8 39. Ng7 hxg3 40. hxg3 Rh2 41. Nxf5 Bf3 42. d5+ Kd7 43. Re7+ Kd8 44. Rg7 Rxb2 45. Nd4 Bxd5 46. Rxg4 b3 47. Rg5 Bf7 48. Rc5 Rg2 49. Nc6+ Ke8 50. Re5+ Kf8 51. Nd4 b2 52. Ne6+ Bxe6 53. Rxe6 b1=Q 54. Rf6+ Ke7 55. Rxa6 Qb3+ 56. Ke4 Qc4+ 57. Kf3 Qxa6 58. Kxg2 Qxa5 59. Kh3 Kf6 60. Kh4 Kg6 61. g4 Qd8+ 62. Kg3 Qe7 63. Kf3 Qa3+ 0-1


[Site "https://www.chess.com"]

[Event "Titled Tuesday Blitz May 16 Early 2023"]
[White "Aydincelebi, Kagan"]
[Black "SashaKuzhilniy"]
[WhiteFideId "6361102"]
[WhiteElo "2180"]
[BlackElo "2603"]
[Result "1-0"]
[Round "10"]
[TimeControl "180+2"]
[Date "2023.05.16"]
[WhiteClock "0:01:01"]
[BlackClock "0:00:29"]

1. e4 d5 2. exd5 Qxd5 3. Nc3 Qe5+ 4. Be2 Bg4 5. d4 Bxe2 6. Ngxe2 Qa5 7. O-O Nf6 8. b4 Qh5 9. Bf4 c6 10. Rb1 a6 11. a4 b5 12. axb5 axb5 13. Ra1 Na6 14. Ra2 e6 15. Qa1 Bxb4 16. Rxa6 Rxa6 17. Qxa6 O-O 18. Qxc6 Bxc3 19. Nxc3 Qf5 20. Ne2 b4 21. Bd6 Re8 22. Bxb4 h6 23. Ng3 Qg5 24. Ne4 Nxe4 25. Qxe8+ Kh7 26. Qc6 Qg6 27. Qc4 Ng5 28. Qd3 f5 29. c4 h5 30. d5 h4 31. h3 e5 32. Kh1 e4 33. Qe3 Nf7 34. Bc3 Qd6 35. Qd4 Qg6 36. c5 f4 37. c6 Nd6 38. Qxg7+ Qxg7 39. Bxg7 Kxg7 40. c7 Kf6 41. Rc1 Ke5 42. c8=Q Nxc8 43. Rxc8 Kxd5 44. Kg1 Kd4 45. Kf1 Kd3 46. Rd8+ Kc4 47. Ke2 Kc5 48. Rh8 Kd4 49. Rxh4 Ke5 50. Rh5+ Kf6 51. Ra5 Kg6 52. Ra4 Kf5 53. Ra5+ Kf6 54. h4 f3+ 55. gxf3 exf3+ 56. Kxf3 Kg6 57. Kg4 Kh6 58. Ra6+ Kg7 59. Kg5 Kf7 60. Ra7+ Kf8 61. h5 Kg8 62. h6 Kh8 63. Kg6 Kg8 64. f4 Kh8 65. f5 Kg8 66. f6 Kh8 67. Ra8# 1-0


[Site "https://www.chess.com"]

[Event "Titled Tuesday Blitz May 16 Early 2023"]
[White "Tasev, Dejan"]
[Black "Harsh Suresh"]
[WhiteFideId "936618"]
[BlackFideId "45018464"]
[WhiteElo "2244"]
[BlackElo "2209"]
[Result "1-0"]
[Round "10"]
[TimeControl "180+2"]
[Date "2023.05.16"]
[WhiteClock "0:00:28"]
[BlackClock "0:00:10"]

1. e4 c5 2. Nf3 g6 3. Nc3 Bg7 4. d4 cxd4 5. Nxd4 Nc6 6. Be3 Nf6 7. Bc4 O-O 8. Bb3 a5 9. O-O a4 10. Nxa4 Nxe4 11. Nb5 Ra6 12. f3 Nf6 13. c4 d6 14. Nac3 Be6 15. Nd5 Bxd5 16. cxd5 Na5 17. Bd4 Nxb3 18. Qxb3 Qa5 19. a4 Nd7 20. Bxg7 Kxg7 21. Rfe1 Nc5 22. Qc4 Qd8 23. b3 Qd7 24. Ra2 Rc8 25. Rae2 e5 26. dxe6 Nxe6 27. Qd3 d5 28. Qd2 d4 29. Rd1 Kg8 30. Qb4 Rac6 31. Red2 Rc1 32. Na3 d3 33. Nc4 Qd4+ 34. Kf1 Rc2 35. Qxb7 Rd8 36. Qe4 Qc3 37. Rxd3 Rxd3 38. Qxd3 Qxd3+ 39. Rxd3 Nc5 40. Re3 Rc1+ 41. Ke2 Nxa4 42. bxa4 Rxc4 43. Ra3 Rc2+ 44. Kf1 Rc6 45. a5 Ra6 46. Ke2 Kf8 47. Kd3 Ke7 48. Kc4 Kd6 49. Kb5 Ra8 50. a6 Rb8+ 51. Ka5 Kc7 52. Rc3+ Kd7 53. a7 Rb2 54. Rc4 Rxg2 55. a8=Q Ra2+ 56. Ra4 Rxh2 57. Qb7+ Ke6 58. Re4+ Kf6 59. Qe7+ Kg7 60. Qe5+ f6 61. Qxh2 h5 62. Qf4 g5 63. Qf5 Kf7 64. Qh7+ Kf8 65. Re7 g4 66. Qg7# 1-0


[Site "https://www.chess.com"]

[Event "Titled Tuesday Blitz May 16 Early 2023"]
[White "Al-Tarboush, Ward"]
[Black "Rozman, Levy"]
[WhiteFideId "7601450"]
[BlackFideId "2039877"]
[WhiteElo "2265"]
[BlackElo "2376"]
[Result "1-0"]
[Round "10"]
[TimeControl "180+2"]
[Date "2023.05.16"]
[WhiteClock "0:00:06"]
[BlackClock "0:00:22"]

1. Nc3 a6 2. d4 e6 3. e4 b5 4. Nf3 Bb7 5. Bd3 g6 6. O-O Bg7 7. Bf4 d6 8. a4 c6 9. e5 d5 10. h4 h6 11. Ne2 Ne7 12. Qd2 Nd7 13. b4 Nb6 14. axb5 cxb5 15. c3 Nc4 16. Qc2 Kd7 17. Nc1 Nf5 18. Nb3 Bf8 19. h5 Be7 20. Nc5+ Bxc5 21. dxc5 Kc7 22. Nd4 Rg8 23. hxg6 Nxd4 24. cxd4 fxg6 25. Bxg6 Qh4 26. Bg3 Qg5 27. Bf7 h5 28. Bxg8 Qxg8 29. Qc1 Qg6 30. Qf4 Rg8 31. Rac1 Bc6 32. Rc3 Rg7 33. Rf3 Rd7 34. Qf8 Nd2 35. Rf6 Qe4 36. Rxe6 h4 37. Rxc6+ Kxc6 38. Qc8+ Rc7 39. Qxa6+ Kd7 40. e6+ Ke7 41. Qd6+ Ke8 42. Qxc7 Qxe6 43. Bxh4 Kf8 44. Qd8+ Kg7 45. Qg5+ Kh7 46. Qxd2 Kg6 47. Re1 Qc8 48. Qg5+ Kf7 49. Re7+ Kf8 50. Qg7# 1-0


[Site "https://www.chess.com"]

[Event "Titled Tuesday Blitz May 16 Early 2023"]
[White "Karthik Rajaa"]
[Black "iHateNAJDORF"]
[WhiteFideId "25035215"]
[WhiteElo "2215"]
[BlackElo "2563"]
[Result "1-0"]
[Round "10"]
[TimeControl "180+2"]
[Date "2023.05.16"]
[WhiteClock "0:01:28"]
[BlackClock "0:00:03"]

1. Nf3 Nf6 2. c4 g6 3. Nc3 Bg7 4. g3 O-O 5. Bg2 d6 6. d4 Nc6 7. d5 Na5 8. b3 c5 9. Bb2 a6 10. O-O Rb8 11. Nd2 b5 12. Rb1 Bd7 13. Qc2 e5 14. dxe6 Bxe6 15. Nd5 Bxd5 16. cxd5 Re8 17. Rfe1 Nb7 18. h3 Nd7 19. Bxg7 Kxg7 20. e4 Qf6 21. f4 c4 22. bxc4 Nbc5 23. cxb5 axb5 24. Nf3 b4 25. e5 Qd8 26. exd6 Qf6 27. Ne5 Qxd6 28. Nc6 Rxe1+ 29. Rxe1 Ra8 30. Nxb4 Qb6 31. Qc3+ Nf6 32. Kh2 Na4 33. Qd2 Nc5 34. Nc6 Ra3 35. d6 Ncd7 36. Ne5 Qa6 37. Nxd7 Nxd7 38. Re7 Nf6 39. d7 Rxa2 40. Qxa2 Qxa2 41. d8=Q Qf2 42. Qc7 Nh5 43. Rxf7+ Kh6 44. Rxh7# 1-0


[Site "https://www.chess.com"]

[Event "Titled Tuesday Blitz May 16 Early 2023"]
[White "Demin, Vladimir"]
[Black "Cherniaiev, Tykhon"]
[WhiteFideId "4167457"]
[BlackFideId "14182360"]
[WhiteElo "2560"]
[BlackElo "2450"]
[Result "0-1"]
[Round "10"]
[TimeControl "180+2"]
[Date "2023.05.16"]
[WhiteClock "0:00:00"]
[BlackClock "0:00:36"]

1. d4 Nf6 2. Nc3 d5 3. Bf4 c5 4. e4 Nxe4 5. Nxe4 dxe4 6. dxc5 Qa5+ 7. c3 Qxc5 8. Qa4+ Nc6 9. Qxe4 g6 10. Nf3 Bg7 11. Qe3 Qa5 12. Bh6 O-O 13. Bxg7 Kxg7 14. Bc4 Bg4 15. O-O Rac8 16. Bb3 Rfd8 17. Rad1 Qc7 18. h3 Bxf3 19. Qxf3 e6 20. h4 h5 21. g3 Na5 22. Bc2 Nc4 23. Rxd8 Rxd8 24. Rd1 Rxd1+ 25. Qxd1 Nxb2 26. Qd4+ e5 27. Qxa7 Qxc3 28. Bb3 Nd3 29. Qe3 f5 30. Kh2 Qd4 31. Qxd4 exd4 32. f4 Nc1 33. Bd5 d3 34. a4 d2 35. Bf3 Nd3 36. Kg2 Nb2 0-1


[Site "https://www.chess.com"]

[Event "Titled Tuesday Blitz May 16 Early 2023"]
[White "Kubicka, Anna"]
[Black "Panesar Vedant"]
[WhiteFideId "1152254"]
[BlackFideId "35033018"]
[WhiteElo "2144"]
[BlackElo "2347"]
[Result "0-1"]
[Round "10"]
[TimeControl "180+2"]
[Date "2023.05.16"]
[WhiteClock "0:00:00"]
[BlackClock "0:00:38"]

1. e4 e5 2. Nf3 Nc6 3. Bb5 a6 4. Ba4 d6 5. O-O Bd7 6. d4 Nxd4 7. Bxd7+ Qxd7 8. Nxd4 exd4 9. Qxd4 Nf6 10. Nc3 Be7 11. b3 O-O 12. Bb2 Rae8 13. Rad1 Bd8 14. Nd5 Kh8 15. Rfe1 Re6 16. Nf4 Re5 17. Qd3 Rg5 18. Nd5 Qg4 19. g3 Rg6 20. Qe2 Qxe2 21. Rxe2 Re8 22. Rde1 Kg8 23. h4 Nxd5 24. exd5 Rxe2 25. Rxe2 Kf8 26. Kf1 Bf6 27. Bxf6 Rxf6 28. Ke1 Rf3 29. Re3 Rxe3+ 30. fxe3 Ke7 31. Ke2 Kf6 32. Kd3 Kf5 33. Ke2 Ke4 34. c4 h5 35. a3 b5 36. cxb5 axb5 37. a4 bxa4 38. bxa4 Kxd5 39. Kd3 c5 40. a5 Kc6 41. Kc4 d5+ 42. Kb3 Kb5 43. e4 dxe4 44. Kc2 Kxa5 45. Kd2 f5 46. Ke3 c4 47. Kf4 c3 48. Kg5 e3 0-1


[Site "https://www.chess.com"]

[Event "Titled Tuesday Blitz May 16 Early 2023"]
[White "Degenbaev, Aziz"]
[Black "Halkias, Stelios"]
[WhiteFideId "13802640"]
[BlackFideId "4201809"]
[WhiteElo "2152"]
[BlackElo "2451"]
[Result "0-1"]
[Round "10"]
[TimeControl "180+2"]
[Date "2023.05.16"]
[WhiteClock "0:00:03"]
[BlackClock "0:00:29"]

1. e4 c5 2. Nf3 Nc6 3. Bb5 e6 4. Bxc6 bxc6 5. d3 d6 6. e5 Ne7 7. exd6 Nf5 8. O-O Bxd6 9. Nc3 O-O 10. b3 e5 11. Ne4 Nd4 12. c3 Nxf3+ 13. Qxf3 f5 14. Nxd6 Qxd6 15. Ba3 Rf6 16. d4 e4 17. Qe2 Rh6 18. h3 Qg6 19. Qc4+ Be6 20. Qxc5 Rxh3 21. Qxc6 Rc8 22. Qd6 Rhxc3 23. Rac1 h6 24. Rxc3 Rxc3 25. d5 Bf7 26. Qf8+ Kh7 27. d6 Rd3 28. Rc1 f4 29. Qe7 f3 30. g3 e3 31. Bc5 e2 32. Re1 Qf5 33. Qh4 Qxc5 34. Qe4+ Bg6 35. Qxd3 Bxd3 36. d7 Qd6 37. d8=Q Qxd8 0-1


[Site "https://www.chess.com"]

[Event "Titled Tuesday Blitz May 16 Early 2023"]
[White "Mendez Fortes, Eduardo Jesus"]
[Black "Jovic, Stanoje"]
[WhiteFideId "3502376"]
[BlackFideId "905020"]
[WhiteElo "2307"]
[BlackElo "2236"]
[Result "0-1"]
[Round "10"]
[TimeControl "180+2"]
[Date "2023.05.16"]
[WhiteClock "0:00:09"]
[BlackClock "0:00:09"]

1. e4 c6 2. d4 d5 3. Nc3 dxe4 4. Nxe4 Nf6 5. Nxf6+ exf6 6. c3 Bd6 7. Bd3 O-O 8. Qc2 h6 9. Ne2 Qc7 10. Ng3 Re8+ 11. Be3 c5 12. O-O c4 13. Bh7+ Kh8 14. Be4 Nc6 15. Rfe1 b5 16. f3 Bb7 17. Qd2 g5 18. Nf5 Bxh2+ 19. Kf2 Ne7 20. Bxb7 Nxf5 21. Bxa8 Bg3+ 22. Kf1 Bxe1 23. Rxe1 Rxa8 24. Bf2 Kg7 25. Qe2 Qd7 26. Qe4 Rd8 27. g4 Nd6 28. Qd5 Nc8 29. Qc5 a6 30. Bg3 Qd5 31. Qxd5 Rxd5 32. Re8 Nb6 33. b3 f5 34. Bc7 Nd7 35. Ra8 b4 36. bxc4 bxc3 37. Ke2 Rxd4 38. Ba5 c2 39. Bd2 Ne5 40. gxf5 Nxf3 41. Bc1 Ne5 42. Bb2 f6 43. Ra7+ Kg8 44. Ra8+ Kf7 45. Ra7+ Ke8 46. Rxa6 Rxc4 47. Re6+ Kf7 48. Kd2 Nf3+ 49. Ke3 Ne5 50. Kd2 g4 51. Ra6 g3 52. Ra7+ Ke8 53. Rg7 Rg4 54. Rxg4 Nxg4 55. Bd4 h5 56. a4 h4 57. a5 h3 58. a6 h2 59. a7 h1=Q 60. Kxc2 Qa8 61. Kd3 g2 62. Kd2 Ne5 63. Ke2 Nc6 64. Bc5 Nxa7 65. Kf2 Nb5 66. Kg1 Qd5 67. Bb6 Nd4 68. Bc7 Qf3 69. Bg3 Qf1+ 70. Kh2 Qh1# 0-1


[Site "https://www.chess.com"]

[Event "Titled Tuesday Blitz May 16 Early 2023"]
[White "Volkov, Maksim"]
[Black "MKlose11"]
[WhiteFideId "54123070"]
[WhiteElo "2297"]
[BlackElo "2674"]
[Result "1-0"]
[Round "10"]
[TimeControl "180+2"]
[Date "2023.05.16"]
[WhiteClock "0:00:36"]
[BlackClock "0:00:05"]

1. d4 Nf6 2. c4 c5 3. d5 b5 4. cxb5 a6 5. bxa6 Bxa6 6. Nc3 g6 7. e4 Bxf1 8. Kxf1 d6 9. Nf3 Bg7 10. g3 O-O 11. Kg2 Nbd7 12. a4 Qb6 13. Qc2 Rfb8 14. Nb5 Ne8 15. Bd2 Nc7 16. Nxc7 Qxc7 17. Bc3 Qb6 18. Rhb1 Qb3 19. Qxb3 Rxb3 20. Nd2 Rb7 21. Nc4 Bxc3 22. bxc3 Rxb1 23. Rxb1 Rxa4 24. Nd2 Nf6 25. Re1 Ra3 26. c4 Rd3 27. Re2 Nd7 28. f4 f6 29. Nf3 Rc3 30. e5 dxe5 31. fxe5 Rxc4 32. d6 Nxe5 33. Rxe5 Rc2+ 34. Kh3 exd6 35. Re6 d5 36. Rxf6 d4 37. Rd6 Rc3 38. Kg4 Kf7 39. Kf4 Ke7 40. Rd5 Ke6 41. Rd8 Ke7 42. Rh8 d3 43. Rxh7+ Ke6 44. Rh8 c4 45. Rd8 Kf6 46. h4 Rc2 47. g4 Ke7 48. Rd4 Rc1 49. Ne5 Ke6 50. Nxc4 Rf1+ 51. Kg5 1-0


[Site "https://www.chess.com"]

[Event "Titled Tuesday Blitz May 16 Early 2023"]
[White "Klepikov, Nikita"]
[Black "Cezila Jr, Rubens"]
[WhiteFideId "24145220"]
[BlackFideId "2116723"]
[WhiteElo "2025"]
[BlackElo "2214"]
[Result "1-0"]
[Round "10"]
[TimeControl "180+2"]
[Date "2023.05.16"]
[WhiteClock "0:00:07"]
[BlackClock "0:00:00"]

1. e4 c6 2. d4 d5 3. Nd2 dxe4 4. Nxe4 Nf6 5. Nxf6+ exf6 6. c3 Bd6 7. Bd3 O-O 8. Qc2 Re8+ 9. Ne2 h5 10. h3 Nd7 11. Be3 Nf8 12. O-O-O Be6 13. c4 Rc8 14. g4 h4 15. Rhg1 b5 16. c5 Bb8 17. g5 f5 18. Bxf5 Qd5 19. Bxe6 Nxe6 20. Rg4 Qxa2 21. Rxh4 g6 22. Rh6 Qa1+ 23. Kd2 Qa5+ 24. Kc1 Qa1+ 25. Kd2 Qa5+ 26. Nc3 Rcd8 27. Kc1 Qa1+ 28. Qb1 Qa5 29. h4 b4 30. Ne4 Kg7 31. h5 Rh8 32. Rxh8 Rxh8 33. h6+ Kf8 34. d5 cxd5 35. Rxd5 Qb5 36. Qd3 1-0


[Site "https://www.chess.com"]

[Event "Titled Tuesday Blitz May 16 Early 2023"]
[White "Madaminov, Mukhiddin"]
[Black "Koepke, Christian"]
[WhiteFideId "14210703"]
[BlackFideId "4655737"]
[WhiteElo "2511"]
[BlackElo "2204"]
[Result "1-0"]
[Round "10"]
[TimeControl "180+2"]
[Date "2023.05.16"]
[WhiteClock "0:00:33"]
[BlackClock "0:00:04"]

1. d4 d5 2. Nc3 c5 3. e4 dxe4 4. d5 Nf6 5. Nge2 Nbd7 6. Ng3 Nb6 7. Ngxe4 Nxe4 8. Nxe4 Qxd5 9. Bb5+ Bd7 10. Qxd5 Nxd5 11. Bxd7+ Kxd7 12. Nxc5+ Kc6 13. Nd3 f6 14. f4 e6 15. Ke2 Nb4 16. Nxb4+ Bxb4 17. a3 Bd6 18. Be3 f5 19. Rad1 e5 20. fxe5 Bxe5 21. b4 Rae8 22. Kf3 a6 23. c4 Re6 24. a4 Rhe8 25. b5+ Kc7 26. Bf2 g5 27. h3 g4+ 28. hxg4 fxg4+ 29. Kxg4 Rg6+ 30. Kh5 Rxg2 31. Bh4 Bg3 32. Rd5 Re4 33. Bxg3+ Rxg3 34. a5 Rxc4 35. bxa6 bxa6 36. Rf1 Kc6 37. Rd8 Rh3+ 38. Kg5 Rc5+ 39. Kg4 Rhc3 40. Rb8 R3c4+ 41. Kg3 Rxa5 42. Rc8+ Kb5 43. Rf5+ Kb6 44. Rf6+ Kb7 45. Rxc4 1-0


[Site "https://www.chess.com"]

[Event "Titled Tuesday Blitz May 16 Early 2023"]
[White "Visakh N R"]
[Black "Omelja, Artem"]
[WhiteFideId "25012223"]
[BlackFideId "14119846"]
[WhiteElo "2466"]
[BlackElo "2404"]
[Result "1-0"]
[Round "10"]
[TimeControl "180+2"]
[Date "2023.05.16"]
[WhiteClock "0:02:18"]
[BlackClock "0:00:40"]

1. e4 c5 2. Nf3 Nc6 3. Bb5 g6 4. O-O Bg7 5. c3 e5 6. Na3 Nge7 7. Nc4 d6 8. d4 O-O 9. dxe5 dxe5 10. Bg5 f6 11. Be3 b6 12. Qe2 Be6 13. Rfd1 Qc7 14. Na3 Rad8 15. Bc4 Qc8 16. Nb5 Bxc4 17. Qxc4+ Kh8 18. Nd6 Rxd6 19. Rxd6 f5 20. Bg5 fxe4 21. Qxe4 Nf5 22. Rxc6 Qb7 23. Nxe5 Re8 24. Re6 Qxe4 25. Rxe8+ Bf8 26. Nxg6+ 1-0


[Site "https://www.chess.com"]

[Event "Titled Tuesday Blitz May 16 Early 2023"]
[White "Belov, Alexei"]
[Black "Zemlyanskii, Ivan"]
[WhiteFideId "4128206"]
[BlackFideId "24249971"]
[WhiteElo "2551"]
[BlackElo "2421"]
[Result "1-0"]
[Round "10"]
[TimeControl "180+2"]
[Date "2023.05.16"]
[WhiteClock "0:00:29"]
[BlackClock "0:00:00"]

1. e4 Nc6 2. Nf3 d5 3. exd5 Qxd5 4. Nc3 Qd6 5. d4 Nf6 6. d5 Nb4 7. Bc4 c6 8. dxc6 Qxd1+ 9. Kxd1 bxc6 10. a3 Nbd5 11. Nxd5 cxd5 12. Bb5+ Bd7 13. Bxd7+ Nxd7 14. Re1 e6 15. Be3 Bd6 16. Bd4 O-O 17. c3 a5 18. a4 Nc5 19. Kc2 Rab8 20. Bxc5 Bxc5 21. Re2 Rb6 22. Ne5 Rfb8 23. b4 axb4 24. Nd7 bxc3 25. Nxc5 Rb2+ 26. Kd1 Rc8 27. Nd3 c2+ 28. Kc1 Rb3 29. Rxc2 Ra8 30. Kd2 g6 31. a5 Ra7 32. a6 Rb6 33. Nc5 Kf8 34. Nd7+ Rxd7 35. a7 1-0


[Site "https://www.chess.com"]

[Event "Titled Tuesday Blitz May 16 Early 2023"]
[White "Bagwe Gaurang"]
[Black "Csonka, Balazs"]
[WhiteFideId "45039895"]
[BlackFideId "742910"]
[WhiteElo "1847"]
[BlackElo "2404"]
[Result "0-1"]
[Round "10"]
[TimeControl "180+2"]
[Date "2023.05.16"]
[WhiteClock "0:00:15"]
[BlackClock "0:00:14"]

1. e4 c5 2. Nf3 d6 3. d3 Nc6 4. g3 g6 5. Bg2 Bg7 6. O-O e6 7. Nbd2 Nge7 8. a4 O-O 9. Qe2 a6 10. h3 b6 11. c3 Bb7 12. Nh2 b5 13. axb5 axb5 14. Rxa8 Qxa8 15. f4 b4 16. Nc4 bxc3 17. bxc3 d5 18. Nd6 Bxc3 19. e5 Nd4 20. Qg4 Nef5 21. Nf3 Nxg3 22. Ng5 Nde2+ 23. Kh2 Nxf1+ 24. Bxf1 Nxc1 25. Ngxf7 Rxf7 26. Qxe6 Qf8 27. Nxb7 Kh8 28. Nd6 Rxf4 29. Bg2 Rf2 30. Qxd5 Ne2 31. e6 Qf4+ 32. Kh1 Rf1+ 33. Bxf1 Qxf1+ 34. Kh2 Qg1# 0-1


[Site "https://www.chess.com"]

[Event "Titled Tuesday Blitz May 16 Early 2023"]
[White "Preotu, Razvan"]
[Black "Tologon tegin, Semetei"]
[WhiteFideId "2613280"]
[BlackFideId "13800574"]
[WhiteElo "2407"]
[BlackElo "2247"]
[Result "0-1"]
[Round "10"]
[TimeControl "180+2"]
[Date "2023.05.16"]
[WhiteClock "0:00:06"]
[BlackClock "0:00:28"]

1. e4 c5 2. Nf3 d5 3. exd5 Qxd5 4. Nc3 Qd8 5. Ne5 Nf6 6. Bb5+ Bd7 7. Nxd7 Nbxd7 8. d4 cxd4 9. Qxd4 a6 10. Be2 e6 11. Ne4 Nxe4 12. Qxe4 Nc5 13. Qf3 Bd6 14. O-O Qc7 15. g3 O-O 16. a4 a5 17. Be3 b6 18. Bb5 Rac8 19. Rfd1 Rfd8 20. h4 h6 21. h5 Be5 22. c3 Nb3 23. Rab1 Bd6 24. Kg2 Bc5 25. Rxd8+ Rxd8 26. Bxc5 Qxc5 27. Rd1 Qc7 28. Qc6 Qb8 29. Rxd8+ Qxd8 30. Qd7 Qa8+ 31. Bc6 Qb8 32. f3 Nc5 33. Qe8+ Qxe8 34. Bxe8 Kf8 35. Bb5 Ke7 36. Kf2 Kd6 37. Ke3 e5 38. b4 Ne6 39. Bc4 Ng5 40. f4 exf4+ 41. gxf4 Ne6 42. Bxe6 Kxe6 43. bxa5 bxa5 44. Ke4 g6 45. f5+ Kf6 46. fxg6 fxg6 47. hxg6 Kxg6 48. c4 Kf6 49. Kd5 h5 50. c5 h4 51. c6 Ke7 52. Ke4 Kd6 53. Kf4 Kxc6 54. Kg4 Kc5 55. Kxh4 Kb4 56. Kg3 Kxa4 57. Kf2 Kb3 58. Ke1 Kb2 59. Kd1 a4 0-1


[Site "https://www.chess.com"]

[Event "Titled Tuesday Blitz May 16 Early 2023"]
[White "Mirzoev, Azer"]
[Black "Dino_Ballecer"]
[WhiteFideId "13400304"]
[WhiteElo "2525"]
[BlackElo "2536"]
[Result "1-0"]
[Round "10"]
[TimeControl "180+2"]
[Date "2023.05.16"]
[WhiteClock "0:01:37"]
[BlackClock "0:01:34"]

1. e4 c5 2. Nc3 Nc6 3. g3 g6 4. Bg2 Bg7 5. d3 d6 6. h4 h5 7. Bg5 Qb6 8. Qc1 Bh6 9. Nge2 f6 10. Bxh6 Nxh6 11. Nd5 Qd8 12. O-O e6 13. Ndf4 Kf7 14. c3 Qe7 15. d4 Kg7 16. d5 Ne5 17. Nxe6+ Bxe6 18. dxe6 Qxe6 19. Nf4 Qf7 20. Nd5 Rhe8 21. Qd2 Rad8 22. Rad1 f5 23. exf5 Nxf5 24. Rfe1 b6 25. Qg5 Ng4 26. Nf4 Kh7 27. Bc6 Re5 28. Qxd8 Nxh4 29. Qxh4 1-0


[Site "https://www.chess.com"]

[Event "Titled Tuesday Blitz May 16 Early 2023"]
[White "Begmuratov, Alisher"]
[Black "Maxfan2008"]
[WhiteFideId "14203367"]
[WhiteElo "2387"]
[BlackElo "2536"]
[Result "1-0"]
[Round "10"]
[TimeControl "180+2"]
[Date "2023.05.16"]
[WhiteClock "0:02:18"]
[BlackClock "0:02:11"]

1. d4 Nf6 2. Nf3 d5 3. Bf4 c5 4. e3 Nc6 5. c3 Qb6 6. Qc1 Bf5 7. Nbd2 e6 8. Be2 h6 9. O-O Nh5 10. Be5 f6 11. Nh4 fxe5 12. Bxh5+ Kd7 13. Nxf5 exf5 14. Qc2 e4 15. c4 Nb4 16. Qb3 Nd3 17. Qa4+ Qc6 18. Qb3 cxd4 19. cxd5 Qb6 20. Qa4+ Kd6 21. Nc4+ 1-0


[Site "https://www.chess.com"]

[Event "Titled Tuesday Blitz May 16 Early 2023"]
[White "Ginzburg, Yakov"]
[Black "Krysa, Leandro"]
[WhiteFideId "4157176"]
[BlackFideId "116807"]
[WhiteElo "2305"]
[BlackElo "2489"]
[Result "1-0"]
[Round "10"]
[TimeControl "180+2"]
[Date "2023.05.16"]
[WhiteClock "0:00:09"]
[BlackClock "0:00:34"]

1. d4 Nf6 2. c4 g6 3. Nc3 d5 4. cxd5 Nxd5 5. e4 Nxc3 6. bxc3 Bg7 7. Nf3 c5 8. Rb1 O-O 9. Be2 Nc6 10. d5 Bxc3+ 11. Bd2 Bxd2+ 12. Qxd2 Na5 13. h4 Bg4 14. h5 Bxf3 15. gxf3 e5 16. d6 b6 17. hxg6 fxg6 18. Qd5+ Kg7 19. Qxe5+ Qf6 20. Qxf6+ Rxf6 21. Rd1 Nc6 22. Rd5 Nd4 23. e5 Rf5 24. Rh4 h5 25. Re4 Ne6 26. d7 Kf7 27. Rd6 Ke7 28. Bc4 Nd4 29. Rxg6 Kxd7 30. Rxd4+ Ke7 31. Rg7+ Kf8 32. Rg8+ Ke7 33. Rxa8 cxd4 34. Rxa7+ Kd8 35. e6 Re5+ 36. Kd2 b5 37. Bb3 h4 38. f4 Re4 39. Rh7 Rxf4 40. Bd5 Rxf2+ 41. Kd3 Kc8 42. e7 Kd7 43. Bc6+ Kxc6 44. e8=Q+ Kb6 45. Qe6+ Ka5 46. Ra7+ Kb4 47. Qd6# 1-0


[Site "https://www.chess.com"]

[Event "Titled Tuesday Blitz May 16 Early 2023"]
[White "Jeet, Jain"]
[Black "cristianserban1"]
[WhiteFideId "5073022"]
[WhiteElo "2067"]
[BlackElo "2523"]
[Result "0-1"]
[Round "10"]
[TimeControl "180+2"]
[Date "2023.05.16"]
[WhiteClock "0:00:00"]
[BlackClock "0:00:08"]

1. d4 d5 2. Nf3 Nd7 3. e3 Nb6 4. Be2 Bf5 5. O-O e6 6. b3 Nf6 7. c4 c5 8. Bb2 dxc4 9. Na3 Be7 10. Nxc4 Nxc4 11. Bxc4 O-O 12. Qe2 Bg4 13. h3 Bh5 14. Rfd1 Qc7 15. Rac1 Qa5 16. dxc5 Bxc5 17. Bxf6 gxf6 18. Rd7 Qb6 19. Qb2 Bxf3 20. gxf3 Qc6 21. Qxf6 Qxd7 22. Kh1 Rfd8 23. Qh6 Bd4 24. Rg1+ Kh8 25. exd4 Qxd4 26. Bd3 f5 27. Qxe6 Rg8 28. Qxf5 Rxg1+ 29. Kxg1 Rg8+ 30. Kf1 Qg7 31. Be4 Rf8 32. Qd5 b6 33. a4 Qa1+ 34. Ke2 Qb2+ 35. Kf1 Qc1+ 36. Ke2 Qb2+ 37. Ke3 Rc8 38. Kf4 Qc1+ 39. Kg3 Rg8+ 0-1


[Site "https://www.chess.com"]